Nordiques vs Senateurs

Created - May 7, 2020 at 20:07

Goals
1 2 3 OT1 SO T
Nordiques 0 2 0 0 1 3
Senateurs 1 1 0 0 0 2
Shots
1 2 3 OT1 SO T
Nordiques 4 11 12 0 5 27
Senateurs 14 9 10 3 5 36

1st period

1. Senateurs , Daniel Sedin 24 (Evgeni Malkin 57, Cody Franson 36) at 9:51 (PP)

Penalties :
Trevor Daley (Que) for Hooking (Minor) at 7:58, Jay Bouwmeester (Que) for Tripping (Minor) at 16:05

2nd period

2. Nordiques , Tim Connolly 25 (R.J. Umberger 28, Ryan Ellis 75) at 1:48 (PP)
3. Senateurs , Evgeni Malkin 35 (Nate Prosser 17) at 4:58
4. Nordiques , Jiri Hudler 18 (Tim Connolly 32, R.J. Umberger 29) at 16:37

Penalties :
Radim Vrbata (Ott) for Hooking (Minor) at 1:10, Sidney Crosby (Ott) for Hooking (Minor) at 6:23, Maxim Talbot (Que) for Interference (Minor) at 10:45

3rd period

No Goal

Penalties :
Phil Kessel (Ott) for Delaying the game (Minor) at 0:52, Daniel Briere (Ott) for Hooking (Minor) at 9:56, Mike Fisher (Que) for Cross-checking (Minor) at 18:26

Overtime #1

No Goal

Penalties :
No Penalty

Shootout

Nordiques, Vladimir Tarasenko - Stopped by Jaroslav Halak
Senateurs, Sidney Crosby - Stopped by Jonathan Quick
Nordiques, Evander Kane - Stopped by Jaroslav Halak
Senateurs, Evgeni Malkin - Shot Misses the Net
Nordiques, David Legwand - Stopped by Jaroslav Halak
Senateurs, Phil Kessel - Stopped by Jonathan Quick
Nordiques, Tim Connolly - Shot Misses the Net
Senateurs, Daniel Briere - Shot Misses the Net
Nordiques, R.J. Umberger - Goal!
Senateurs, Jamie Benn - Stopped by Jonathan Quick

Penalties :
No Penalty

Goalie Stats

Jonathan Quick (Que), 34 saves from 36 shots - (0.944), W, 35-17-6, 65:00 minutes
Jaroslav Halak (Ott), 25 saves from 27 shots - (0.926), OTL, 25-27-4, 65:00 minutes

Players Stats for Nordiques

Player Name              G  A  P  +/- PIM S  H  SB GA TA FO     MP     PP MP  PK MP  
------------------------------------------------------------------------------------
Adam Pineault            0  0  0   0  0   0  0  0  0  0  0/0     5:56   0:02   0:00 
David Legwand            0  0  0   0  0   1  2  0  0  0  18/34  21:21   3:30   2:00 
Dustin Byfuglien         0  0  0   0  0   1  2  0  0  0  0/0    11:52   0:00   1:17 
Evander Kane             0  0  0   0  0   3  1  0  1  0  0/0    24:30   3:30   4:40 
Fedor Tyutin             0  0  0   0  0   1  0  1  0  0  0/0    23:07   2:19   3:41 
Jay Bouwmeester          0  0  0   0  2   4  2  2  0  1  0/0    30:25   4:16   3:26 
Jiri Hudler              1  0  1   1  0   2  0  0  0  0  0/1    17:06   3:03   0:00 
Maxim Talbot             0  0  0  -1  2   1  0  0  0  1  2/5    12:56   0:02   0:00 
Mike Brown               0  0  0  -1  0   0  1  1  0  0  0/0    12:56   0:00   0:57 
Mike Fisher              0  0  0   0  2   1  1  0  0  0  3/4     5:31   0:00   0:00 
Paul Gaustad             0  0  0   0  0   0  0  0  0  0  0/0     3:12   0:02   0:00 
R.J. Umberger            0  2  2   1  0   2  3  0  1  0  0/0    17:06   3:03   0:00 
Ryan Ellis               0  1  1   0  0   0  3  3  0  2  0/0    30:58   4:16   4:09 
T.J. Fast                0  0  0   0  0   0  1  0  0  0  0/0    11:09   0:00   0:14 
Tim Connolly             1  1  2   1  0   2  1  0  0  0  3/9    20:30   3:03   2:00 
Trevor Daley             0  0  0   0  2   2  1  0  0  1  0/0    22:27   2:19   2:53 
Vladimir Tarasenko       0  0  0   0  0   6  3  1  3  1  8/15   28:22   3:30   4:53 
Zac Rinaldo              0  0  0  -1  0   1  2  0  1  0  0/0    12:42   0:00   0:44 

Players Stats for Senateurs

Player Name              G  A  P  +/- PIM S  H  SB GA TA FO     MP     PP MP  PK MP  
------------------------------------------------------------------------------------
Arturs Kulda             0  0  0  -1  0   1  1  1  0  0  0/0    13:12   0:00   0:00 
Carlo Colaiacovo         0  0  0   1  0   2  1  1  0  1  0/0    22:03   2:35   3:03 
Cody Franson             0  1  1   0  0   1  5  3  0  2  0/0    29:45   4:49   3:32 
Colby Armstrong          0  0  0   1  0   1  2  0  0  0  1/1    14:38   3:12   0:00 
Daniel Briere            0  0  0   0  2   3  1  0  2  0  3/8    14:44   0:00   1:35 
Daniel Sedin             1  0  1   1  0   2  2  0  1  0  0/0    14:38   3:12   0:00 
Duncan Keith             0  0  0   0  0   1  0  3  1  2  0/0    29:45   4:49   3:32 
Evgeni Malkin            1  1  2   1  0   3  2  0  1  0  7/9    20:58   3:12   3:55 
Jamie Benn               0  0  0   0  0   2  2  1  1  0  1/2    20:55   4:12   1:21 
Mark Giordano            0  0  0  -1  0   0  1  1  0  1  0/0    13:12   0:00   0:00 
Michel Ouellet           0  0  0  -1  0   0  0  0  0  0  0/0     7:43   0:00   0:00 
Nate Prosser             0  1  1   1  0   2  0  1  0  0  0/0    22:03   2:35   3:03 
Phil Kessel              0  0  0   0  2   3  2  0  0  0  1/4    21:23   4:12   0:44 
Radim Vrbata             0  0  0   0  2   4  0  0  0  0  0/0    12:30   0:00   0:00 
Ryan Hollweg             0  0  0  -1  0   1  2  0  0  0  1/2    10:14   0:00   2:14 
Sergei Kostitsyn         0  0  0   0  0   3  1  1  0  0  1/1    12:40   0:00   0:00 
Sidney Crosby            0  0  0   0  2   7  1  0  0  0  17/38  24:26   4:12   2:35 
Stephane Da Costa        0  0  0  -1  0   0  1  0  0  0  2/3     8:32   0:00   0:46 

3 Stars

1 - Tim Connolly (Que)
2 - Evgeni Malkin (Ott)
3 - R.J. Umberger (Que)

Power Play

Nordiques - 1 on 4 Attempt(s) - 25.00%
Senateurs - 1 on 4 Attempt(s) - 25.00%

Penalty Kill

Nordiques - 3 on 4 Attempt(s) - 75.00% - Score 0 goal in Penalty Kill
Senateurs - 3 on 4 Attempt(s) - 75.00% - Score 0 goal in Penalty Kill

Team Stat

Nordiques - Hits : 23 - Faceoff Wins : 34 - Blocked Shots : 8 - Penalty Minutes : 8
Senateurs - Hits : 24 - Faceoff Wins : 34 - Blocked Shots : 12 - Penalty Minutes : 8

Official

Referees : Unknown
Linesman : Unknown

Game Notes

No Game Note

Finance

Level 1 -- Attendance: 6000 (100.00%) -- Ticket Income $618,000
Level 2 -- Attendance: 4293 (85.86%) -- Ticket Income $291,924
Level 3 -- Attendance: 1608 (80.40%) -- Ticket Income $69,144
Level 4 -- Attendance: 4000 (100.00%) -- Ticket Income $112,000
Luxury Box -- Attendance: 1000 (100.00%) -- Ticket Income $180,000
Game was played at the Place Banque Scotia.
Total Attendance: 16901 (93.89%)
Total Ticket Income: $1,271,068
Other Income: $190,660
Total Income: $1,461,728

Nordiques

5 vs 5 Forward 
   Center                   Left Wing                Right Wing               Time % Phy DF OF 
 1 David Legwand            Evander Kane             Vladimir Tarasenko       40     1   2  2  
 2 Tim Connolly             R.J. Umberger            Jiri Hudler              30     1   2  2  
 3 Maxim Talbot             Zac Rinaldo              Mike Brown               20     1   2  2  
 4 Mike Fisher              Vladimir Tarasenko       Adam Pineault            10     1   2  2  

5 vs 5 Defense 
   Defense                  Defense                                           Time % Phy DF OF 
 1 Ryan Ellis               Jay Bouwmeester                                   40     1   2  2  
 2 Fedor Tyutin             Trevor Daley                                      30     1   2  2  
 3 T.J. Fast                Dustin Byfuglien                                  20     1   2  2  
 4 Ryan Ellis               Jay Bouwmeester                                   10     1   2  2  

PowerPlay Forward 
   Center                   Left Wing                Right Wing               Time % Phy DF OF 
 1 David Legwand            Evander Kane             Vladimir Tarasenko       60     1   2  2  
 2 Tim Connolly             R.J. Umberger            Jiri Hudler              40     1   2  2  

PowerPlay Defense
   Defense                  Defense                                           Time % Phy DF OF 
 1 Ryan Ellis               Jay Bouwmeester                                   60     1   2  2  
 2 Fedor Tyutin             Trevor Daley                                      40     1   2  2  

Penalty Kill 4 Players Forward 
   Center                   Wing                     Time % Phy DF OF 
 1 Vladimir Tarasenko       Evander Kane             60     1   2  2  
 2 David Legwand            Tim Connolly             40     1   2  2  

Penalty Kill 4 Players Defense
   Defense                  Defense                  Time % Phy DF OF 
 1 Ryan Ellis               Jay Bouwmeester          60     1   2  2  
 2 Fedor Tyutin             Trevor Daley             40     1   2  2  

Penalty Kill - 3 Players Forward 
   Forward                                           Time % Phy DF OF 
 1 Vladimir Tarasenko                                60     1   2  2  
 2 Evander Kane                                      40     1   2  2  

Penalty Kill - 3 Players Defense
   Defense                  Defense                  Time % Phy DF OF 
 1 Ryan Ellis               Jay Bouwmeester          60     1   2  2  
 2 Fedor Tyutin             Trevor Daley             40     1   2  2  

4 vs 4 Forward 
   Center                   Wing                     Time % Phy DF OF 
 1 Vladimir Tarasenko       Evander Kane             60     1   2  2  
 2 David Legwand            Tim Connolly             40     1   2  2  

4 vs 4 Defense
   Defense                  Defense                  Time % Phy DF OF 
 1 Ryan Ellis               Jay Bouwmeester          60     1   2  2  
 2 Fedor Tyutin             Trevor Daley             40     1   2  2  

Last Minutes Offensive
   Center                   Left Wing                Right Wing               Defense                  Defense                  
   David Legwand            Evander Kane             Vladimir Tarasenko       Ryan Ellis               Jay Bouwmeester          

Last Minutes Defensive
   Center                   Left Wing                Right Wing               Defense                  Defense                  
   David Legwand            Evander Kane             Vladimir Tarasenko       Ryan Ellis               Jay Bouwmeester          

Goaltenders
Starting : Jonathan Quick           
Backup : Julien Ellis             

Extra Forwards
Normal : Paul Gaustad, Maxim Talbot, Mike Brown - PP : Paul Gaustad, Maxim Talbot - PK : Mike Brown
Extra Defensemen
Normal : T.J. Fast, Dustin Byfuglien, Fedor Tyutin - PP : T.J. Fast - PK : Dustin Byfuglien, Fedor Tyutin
Penalty Shots
Vladimir Tarasenko, Evander Kane, David Legwand, Tim Connolly, R.J. Umberger

Scratches
Cody McLeod (Healthy), Matt Gilroy (Healthy), James Sheppard (Healthy)

Senateurs

5 vs 5 Forward 
   Center                   Left Wing                Right Wing               Time % Phy DF OF 
 1 Sidney Crosby            Jamie Benn               Phil Kessel              40     1   2  2  
 2 Evgeni Malkin            Daniel Sedin             Colby Armstrong          30     1   2  2  
 3 Daniel Briere            Sergei Kostitsyn         Radim Vrbata             20     1   2  2  
 4 Stephane Da Costa        Ryan Hollweg             Michel Ouellet           10     1   2  2  

5 vs 5 Defense 
   Defense                  Defense                                           Time % Phy DF OF 
 1 Duncan Keith             Cody Franson                                      40     1   2  2  
 2 Nate Prosser             Carlo Colaiacovo                                  30     1   2  2  
 3 Mark Giordano            Arturs Kulda                                      20     1   2  2  
 4 Duncan Keith             Cody Franson                                      10     1   2  2  

PowerPlay Forward 
   Center                   Left Wing                Right Wing               Time % Phy DF OF 
 1 Sidney Crosby            Jamie Benn               Phil Kessel              60     1   2  2  
 2 Evgeni Malkin            Daniel Sedin             Colby Armstrong          40     1   2  2  

PowerPlay Defense
   Defense                  Defense                                           Time % Phy DF OF 
 1 Duncan Keith             Cody Franson                                      60     1   2  2  
 2 Nate Prosser             Carlo Colaiacovo                                  40     1   2  2  

Penalty Kill 4 Players Forward 
   Center                   Wing                     Time % Phy DF OF 
 1 Sidney Crosby            Evgeni Malkin            60     1   2  2  
 2 Phil Kessel              Daniel Briere            40     1   2  2  

Penalty Kill 4 Players Defense
   Defense                  Defense                  Time % Phy DF OF 
 1 Duncan Keith             Cody Franson             60     1   2  2  
 2 Nate Prosser             Carlo Colaiacovo         40     1   2  2  

Penalty Kill - 3 Players Forward 
   Forward                                           Time % Phy DF OF 
 1 Sidney Crosby                                     60     1   2  2  
 2 Evgeni Malkin                                     40     1   2  2  

Penalty Kill - 3 Players Defense
   Defense                  Defense                  Time % Phy DF OF 
 1 Duncan Keith             Cody Franson             60     1   2  2  
 2 Nate Prosser             Carlo Colaiacovo         40     1   2  2  

4 vs 4 Forward 
   Center                   Wing                     Time % Phy DF OF 
 1 Sidney Crosby            Evgeni Malkin            60     1   2  2  
 2 Phil Kessel              Daniel Briere            40     1   2  2  

4 vs 4 Defense
   Defense                  Defense                  Time % Phy DF OF 
 1 Duncan Keith             Cody Franson             60     1   2  2  
 2 Nate Prosser             Carlo Colaiacovo         40     1   2  2  

Last Minutes Offensive
   Center                   Left Wing                Right Wing               Defense                  Defense                  
   Sidney Crosby            Jamie Benn               Phil Kessel              Duncan Keith             Cody Franson             

Last Minutes Defensive
   Center                   Left Wing                Right Wing               Defense                  Defense                  
   Sidney Crosby            Jamie Benn               Phil Kessel              Duncan Keith             Cody Franson             

Goaltenders
Starting : Jaroslav Halak           
Backup : Roberto Luongo           

Extra Forwards
Normal : Sergei Kostitsyn, Radim Vrbata, Ryan Hollweg - PP : Sergei Kostitsyn, Radim Vrbata - PK : Ryan Hollweg
Extra Defensemen
Normal : Mark Giordano, Arturs Kulda, Nate Prosser - PP : Mark Giordano - PK : Arturs Kulda, Nate Prosser
Penalty Shots
Sidney Crosby, Evgeni Malkin, Phil Kessel, Daniel Briere, Jamie Benn

Scratches
Chris Kunitz (Healthy), Dion Phaneuf (Healthy)

% Time on Ice - Nordiques

Lines # - Real PCT - Wanted PCT - Time Play
Normal Forward
1 - 33% - 40% - 15:01
2 - 31% - 30% - 14:03
3 - 25% - 20% - 11:25
4 - 12% - 10% - 5:32
Normal Defense
1 - 42% - 40% - 19:20
2 - 34% - 30% - 15:29
3 - 21% - 20% - 9:38
4 - 3% - 10% - 1:34
PP Forward
1 - 54% - 60% - 3:32
2 - 46% - 40% - 3:03
PP Defense
1 - 65% - 60% - 4:16
2 - 35% - 40% - 2:19
PK Forward
1 - 73% - 60% - 5:24
2 - 27% - 40% - 2:00
PK Defense
1 - 56% - 60% - 4:10
2 - 44% - 40% - 3:14
PK3 Forward
1 - 100% - 60% - 0:26
2 - 0% - 40% - 0:00
PK3 Defense
1 - 100% - 60% - 0:26
2 - 0% - 40% - 0:00
44 Forward
1 - 69% - 60% - 3:10
2 - 31% - 40% - 1:24
44 Defense
1 - 61% - 60% - 2:47
2 - 39% - 40% - 1:47
Last Minute Offensive  - 0:00
Last Minute Defensive  - 0:00
Total
Forward - 65:00
Defense - 65:00

% Time on Ice - Senateurs

Lines # - Real PCT - Wanted PCT - Time Play
Normal Forward
1 - 33% - 40% - 15:09
2 - 25% - 30% - 11:26
3 - 25% - 20% - 11:43
4 - 17% - 10% - 7:43
Normal Defense
1 - 39% - 40% - 17:48
2 - 32% - 30% - 14:51
3 - 27% - 20% - 12:24
4 - 2% - 10% - 0:58
PP Forward
1 - 57% - 60% - 4:12
2 - 43% - 40% - 3:12
PP Defense
1 - 65% - 60% - 4:49
2 - 35% - 40% - 2:35
PK Forward
1 - 78% - 60% - 5:10
2 - 22% - 40% - 1:25
PK Defense
1 - 54% - 60% - 3:32
2 - 46% - 40% - 3:03
PK3 Forward
1 - 0% - 60%
2 - 0% - 40%
PK3 Defense
1 - 0% - 60%
2 - 0% - 40%
44 Forward
1 - 72% - 60% - 3:36
2 - 28% - 40% - 1:24
44 Defense
1 - 69% - 60% - 3:26
2 - 31% - 40% - 1:34
Last Minute Offensive  - 0:00
Last Minute Defensive  - 0:00
Total
Forward - 65:00
Defense - 65:00

Play-by-Play

1st period


0:01 of 1st period - David Legwand wins face-off versus Sidney Crosby in neutral zone.
0:40 of 1st period - Slapshot by R.J. Umberger.
0:40 of 1st period - Shot Blocked by Cody Franson.
0:55 of 1st period - Off-side.
0:56 of 1st period - Daniel Briere wins face-off versus Maxim Talbot in neutral zone.
0:59 of 1st period - Slapshot by Nate Prosser.
0:59 of 1st period - Shot Misses the Net.
1:30 of 1st period - Slapshot by Maxim Talbot.
1:30 of 1st period - Stopped by Jaroslav Halak without a rebound.
1:31 of 1st period - David Legwand wins face-off versus Sidney Crosby in Senateurs zone.
1:32 of 1st period - Snap shot by Evander Kane.
1:32 of 1st period - Stopped by Jaroslav Halak with a rebound.
1:34 of 1st period - Snap shot by Vladimir Tarasenko.
1:34 of 1st period - Stopped by Jaroslav Halak without a rebound.
1:35 of 1st period - Sidney Crosby wins face-off versus David Legwand in Senateurs zone.
1:35 of 1st period - Sidney Crosby is hit by Dustin Byfuglien.
2:01 of 1st period - Arturs Kulda is hit by Tim Connolly and loses puck.
2:28 of 1st period - Wrist shot by Mike Fisher.
2:28 of 1st period - Stopped by Jaroslav Halak without a rebound.
2:29 of 1st period - Sidney Crosby wins face-off versus Mike Fisher in Senateurs zone.
3:19 of 1st period - Snap shot by Vladimir Tarasenko.
3:19 of 1st period - Shot Misses the Net.
3:21 of 1st period - Slapshot by Ryan Ellis.
3:21 of 1st period - Shot Blocked by Carlo Colaiacovo.
3:42 of 1st period - Backhand shot by Radim Vrbata.
3:42 of 1st period - Stopped by Jonathan Quick with a rebound.
4:53 of 1st period - Snap shot by Sergei Kostitsyn.
4:53 of 1st period - Stopped by Jonathan Quick with a rebound.
5:07 of 1st period - Mike Brown is hit by Sidney Crosby and loses puck.
5:50 of 1st period - R.J. Umberger is hit by Ryan Hollweg and loses puck.
7:13 of 1st period - Icing by Arturs Kulda.
7:14 of 1st period - Evgeni Malkin wins face-off versus Maxim Talbot in Senateurs zone.
7:21 of 1st period - Snap shot by Sidney Crosby.
7:21 of 1st period - Stopped by Jonathan Quick with a rebound.
7:23 of 1st period - Slapshot by Phil Kessel.
7:23 of 1st period - Stopped by Jonathan Quick without a rebound.
7:24 of 1st period - Jamie Benn wins face-off versus Jiri Hudler in Nordiques zone.
7:58 of 1st period - Minor Penalty to Trevor Daley for Hooking.
7:59 of 1st period - Vladimir Tarasenko wins face-off versus Sidney Crosby in Nordiques zone.
8:53 of 1st period - Snap shot by Evgeni Malkin.
8:53 of 1st period - Stopped by Jonathan Quick without a rebound.
8:54 of 1st period - David Legwand wins face-off versus Sidney Crosby in Nordiques zone.
9:03 of 1st period - Wrist shot by Phil Kessel.
9:03 of 1st period - Stopped by Jonathan Quick without a rebound.
9:04 of 1st period - Vladimir Tarasenko wins face-off versus Jamie Benn in Nordiques zone.
9:15 of 1st period - Slapshot by Phil Kessel.
9:15 of 1st period - Stopped by Jonathan Quick without a rebound.
9:16 of 1st period - Vladimir Tarasenko wins face-off versus Sidney Crosby in Nordiques zone.
9:31 of 1st period - Wrist shot by Phil Kessel.
9:31 of 1st period - Shot Misses the Net.
9:33 of 1st period - Slapshot by Duncan Keith.
9:33 of 1st period - Stopped by Jonathan Quick with a rebound.
9:51 of 1st period - Wrist shot by Daniel Sedin.
9:51 of 1st period - Goal by Daniel Sedin - Nordiques : 0 - Senateurs : 1.
9:52 of 1st period - Sidney Crosby wins face-off versus Tim Connolly in neutral zone.
11:06 of 1st period - Snap shot by Stephane Da Costa.
11:06 of 1st period - Shot Misses the Net.
11:08 of 1st period - Slapshot by Carlo Colaiacovo.
11:08 of 1st period - Stopped by Jonathan Quick without a rebound.
11:09 of 1st period - Tim Connolly wins face-off versus Sidney Crosby in Nordiques zone.
11:43 of 1st period - Vladimir Tarasenko is hit by Sergei Kostitsyn and loses puck.
12:19 of 1st period - Trevor Daley is hit by Cody Franson and loses puck.
12:26 of 1st period - Fedor Tyutin is hit by Ryan Hollweg and loses puck.
13:26 of 1st period - Wrist shot by Sidney Crosby.
13:26 of 1st period - Stopped by Jonathan Quick with a rebound.
13:28 of 1st period - Snap shot by Sidney Crosby.
13:28 of 1st period - Shot Blocked by Mike Brown.
13:30 of 1st period - Slapshot by Nate Prosser.
13:30 of 1st period - Stopped by Jonathan Quick with a rebound.
13:32 of 1st period - Wrist shot by Phil Kessel.
13:32 of 1st period - Shot Misses the Net.
13:34 of 1st period - Wrist shot by Cody Franson.
13:34 of 1st period - Shot Blocked by Ryan Ellis.
13:36 of 1st period - Slapshot by Arturs Kulda.
13:36 of 1st period - Stopped by Jonathan Quick without a rebound.
13:37 of 1st period - Evgeni Malkin wins face-off versus David Legwand in Nordiques zone.
13:50 of 1st period - Snap shot by Evgeni Malkin.
13:50 of 1st period - Stopped by Jonathan Quick without a rebound.
13:51 of 1st period - Tim Connolly wins face-off versus Evgeni Malkin in Nordiques zone.
14:02 of 1st period - Wrist shot by Tim Connolly.
14:02 of 1st period - Shot Misses the Net.
14:24 of 1st period - Fedor Tyutin is hit by Cody Franson and loses puck.
16:05 of 1st period - Minor Penalty to Jay Bouwmeester for Tripping.
16:06 of 1st period - Vladimir Tarasenko wins face-off versus Phil Kessel in Nordiques zone.
16:23 of 1st period - Snap shot by Sidney Crosby.
16:23 of 1st period - Shot Blocked by Fedor Tyutin.
18:05 of 1st period - Penalty to Jay Bouwmeester is over, Jay Bouwmeester is back on ice.
18:50 of 1st period - Carlo Colaiacovo is hit by Zac Rinaldo and loses puck.
19:56 of 1st period - Duncan Keith is hit by David Legwand and loses puck.
Goals for this period are 0 for Nordiques vs 1 for Senateurs.
Shots for this period are 4 for Nordiques vs 14 for Senateurs.

2nd period


0:01 of 2nd period - Sidney Crosby wins face-off versus David Legwand in neutral zone.
0:04 of 2nd period - Vladimir Tarasenko is hit by Jamie Benn and loses puck.
0:27 of 2nd period - Jiri Hudler is hit by Evgeni Malkin and loses puck.
1:10 of 2nd period - Minor Penalty to Radim Vrbata for Hooking.
1:11 of 2nd period - Sidney Crosby wins face-off versus David Legwand in Senateurs zone.
1:38 of 2nd period - Sidney Crosby is hit by Jay Bouwmeester.
1:48 of 2nd period - Backhand shot by Tim Connolly.
1:48 of 2nd period - Goal by Tim Connolly - Nordiques : 1 - Senateurs : 1.
1:49 of 2nd period - David Legwand wins face-off versus Phil Kessel in neutral zone.
1:51 of 2nd period - Off-side.
1:52 of 2nd period - Sidney Crosby wins face-off versus David Legwand in neutral zone.
1:57 of 2nd period - Sidney Crosby is hit by Ryan Ellis and loses puck.
2:06 of 2nd period - Snap shot by Vladimir Tarasenko.
2:06 of 2nd period - Stopped by Jaroslav Halak without a rebound.
2:07 of 2nd period - Evgeni Malkin wins face-off versus David Legwand in Senateurs zone.
2:34 of 2nd period - Jay Bouwmeester is hit by Phil Kessel and loses puck.
2:59 of 2nd period - Mike Brown is hit by Daniel Briere and loses puck.
3:27 of 2nd period - Slapshot by Ryan Hollweg.
3:27 of 2nd period - Stopped by Jonathan Quick with a rebound.
3:37 of 2nd period - Adam Pineault is hit by Colby Armstrong and loses puck.
4:58 of 2nd period - Wrist shot by Evgeni Malkin.
4:58 of 2nd period - Goal by Evgeni Malkin - Nordiques : 1 - Senateurs : 2.
4:59 of 2nd period - David Legwand wins face-off versus Sidney Crosby in neutral zone.
5:49 of 2nd period - Carlo Colaiacovo is hit by Zac Rinaldo and loses puck.
5:55 of 2nd period - Icing by Radim Vrbata.
5:56 of 2nd period - David Legwand wins face-off versus Daniel Briere in Senateurs zone.
6:07 of 2nd period - Off-side.
6:08 of 2nd period - Sidney Crosby wins face-off versus David Legwand in neutral zone.
6:13 of 2nd period - Jay Bouwmeester is hit by Cody Franson and loses puck.
6:23 of 2nd period - Minor Penalty to Sidney Crosby for Hooking.
6:24 of 2nd period - Ryan Hollweg wins face-off versus David Legwand in Senateurs zone.
6:24 of 2nd period - Ryan Hollweg is hit by Ryan Ellis.
6:39 of 2nd period - Snap shot by Ryan Ellis.
6:39 of 2nd period - Shot Misses the Net.
6:41 of 2nd period - Snap shot by Jay Bouwmeester.
6:41 of 2nd period - Stopped by Jaroslav Halak without a rebound.
6:42 of 2nd period - Tim Connolly wins face-off versus Ryan Hollweg in Senateurs zone.
6:59 of 2nd period - Slapshot by Ryan Ellis.
6:59 of 2nd period - Shot Misses the Net.
7:47 of 2nd period - Jamie Benn is hit by Trevor Daley and loses puck.
8:23 of 2nd period - Penalty to Sidney Crosby is over, Sidney Crosby is back on ice.
9:13 of 2nd period - Snap shot by Radim Vrbata.
9:13 of 2nd period - Shot Misses the Net.
9:25 of 2nd period - Trevor Daley is hit by Daniel Sedin.
9:31 of 2nd period - Tim Connolly is hit by Evgeni Malkin and loses puck.
10:45 of 2nd period - Minor Penalty to Maxim Talbot for Interference.
10:46 of 2nd period - Phil Kessel wins face-off versus Vladimir Tarasenko in Nordiques zone.
10:47 of 2nd period - Snap shot by Sidney Crosby.
10:47 of 2nd period - Stopped by Jonathan Quick without a rebound.
10:48 of 2nd period - Vladimir Tarasenko wins face-off versus Sidney Crosby in Nordiques zone.
12:45 of 2nd period - Penalty to Maxim Talbot is over, Maxim Talbot is back on ice.
12:55 of 2nd period - Snap shot by Daniel Briere.
12:55 of 2nd period - Shot Misses the Net.
12:57 of 2nd period - Slapshot by Radim Vrbata.
12:57 of 2nd period - Shot Misses the Net.
12:59 of 2nd period - Slapshot by Radim Vrbata.
12:59 of 2nd period - Stopped by Jonathan Quick with a rebound.
13:01 of 2nd period - Snap shot by Radim Vrbata.
13:01 of 2nd period - Stopped by Jonathan Quick without a rebound.
13:02 of 2nd period - Stephane Da Costa wins face-off versus Tim Connolly in Nordiques zone.
13:26 of 2nd period - Icing by Nate Prosser.
13:27 of 2nd period - Daniel Briere wins face-off versus Maxim Talbot in Senateurs zone.
13:32 of 2nd period - Fedor Tyutin is hit by Carlo Colaiacovo and loses puck.
13:46 of 2nd period - Icing by Carlo Colaiacovo.
13:47 of 2nd period - Sergei Kostitsyn wins face-off versus David Legwand in Senateurs zone.
13:49 of 2nd period - Icing by Daniel Briere.
13:50 of 2nd period - Daniel Briere wins face-off versus David Legwand in Senateurs zone.
14:27 of 2nd period - Wrist shot by Sidney Crosby.
14:27 of 2nd period - Stopped by Jonathan Quick with a rebound.
14:29 of 2nd period - Slapshot by Carlo Colaiacovo.
14:29 of 2nd period - Stopped by Jonathan Quick without a rebound.
14:30 of 2nd period - David Legwand wins face-off versus Evgeni Malkin in Nordiques zone.
14:35 of 2nd period - Colby Armstrong is hit by Vladimir Tarasenko and loses puck.
15:26 of 2nd period - Snap shot by Sergei Kostitsyn.
15:26 of 2nd period - Stopped by Jonathan Quick without a rebound.
15:27 of 2nd period - Evgeni Malkin wins face-off versus David Legwand in Nordiques zone.
15:28 of 2nd period - Slapshot by Daniel Sedin.
15:28 of 2nd period - Stopped by Jonathan Quick with a rebound.
15:34 of 2nd period - Daniel Sedin is hit by Vladimir Tarasenko and loses puck.
16:03 of 2nd period - Snap shot by Tim Connolly.
16:03 of 2nd period - Shot Blocked by Duncan Keith.
16:23 of 2nd period - Slapshot by Jay Bouwmeester.
16:23 of 2nd period - Stopped by Jaroslav Halak with a rebound.
16:25 of 2nd period - Slapshot by Jay Bouwmeester.
16:25 of 2nd period - Shot Blocked by Mark Giordano.
16:35 of 2nd period - Wrist shot by Jiri Hudler.
16:35 of 2nd period - Shot Blocked by Arturs Kulda.
16:37 of 2nd period - Snap shot by Jiri Hudler.
16:37 of 2nd period - Goal by Jiri Hudler - Nordiques : 2 - Senateurs : 2.
16:38 of 2nd period - David Legwand wins face-off versus Sidney Crosby in neutral zone.
16:48 of 2nd period - Off-side.
16:49 of 2nd period - David Legwand wins face-off versus Sidney Crosby in neutral zone.
16:56 of 2nd period - Snap shot by Vladimir Tarasenko.
16:56 of 2nd period - Stopped by Jaroslav Halak without a rebound.
16:57 of 2nd period - David Legwand wins face-off versus Sidney Crosby in Senateurs zone.
16:58 of 2nd period - Snap shot by Evander Kane.
16:58 of 2nd period - Stopped by Jaroslav Halak with a rebound.
17:00 of 2nd period - Wrist shot by Trevor Daley.
17:00 of 2nd period - Stopped by Jaroslav Halak with a rebound.
17:02 of 2nd period - Wrist shot by Vladimir Tarasenko.
17:02 of 2nd period - Stopped by Jaroslav Halak with a rebound.
17:04 of 2nd period - Slapshot by Trevor Daley.
17:04 of 2nd period - Deflect By Vladimir Tarasenko.
17:04 of 2nd period - Shot Misses the Net.
17:04 of 2nd period - Puck is out of play.
17:05 of 2nd period - David Legwand wins face-off versus Sidney Crosby in Senateurs zone.
17:06 of 2nd period - Wrist shot by Evander Kane.
17:06 of 2nd period - Stopped by Jaroslav Halak with a rebound.
17:08 of 2nd period - Slapshot by Vladimir Tarasenko.
17:08 of 2nd period - Shot Blocked by Duncan Keith.
17:16 of 2nd period - Wrist shot by Vladimir Tarasenko.
17:16 of 2nd period - Shot Blocked by Cody Franson.
17:20 of 2nd period - Wrist shot by Vladimir Tarasenko.
17:20 of 2nd period - Stopped by Jaroslav Halak without a rebound.
17:21 of 2nd period - Evgeni Malkin wins face-off versus Tim Connolly in Senateurs zone.
17:30 of 2nd period - Snap shot by Tim Connolly.
17:30 of 2nd period - Shot Misses the Net.
17:47 of 2nd period - Icing by Colby Armstrong.
17:48 of 2nd period - David Legwand wins face-off versus Sidney Crosby in Senateurs zone.
18:41 of 2nd period - Off-side.
18:42 of 2nd period - Stephane Da Costa wins face-off versus David Legwand in neutral zone.
18:44 of 2nd period - Cody Franson is hit by Ryan Ellis and loses puck.
18:50 of 2nd period - Icing by Ryan Ellis.
18:51 of 2nd period - David Legwand wins face-off versus Sidney Crosby in Nordiques zone.
19:45 of 2nd period - Wrist shot by Daniel Sedin.
19:45 of 2nd period - Shot Misses the Net.
Goals for this period are 2 for Nordiques vs 1 for Senateurs.
Shots for this period are 11 for Nordiques vs 9 for Senateurs.

3rd period


0:01 of 3rd period - David Legwand wins face-off versus Sidney Crosby in neutral zone.
0:27 of 3rd period - R.J. Umberger is hit by Daniel Sedin and loses puck.
0:36 of 3rd period - Slapshot by Jay Bouwmeester.
0:36 of 3rd period - Stopped by Jaroslav Halak without a rebound.
0:37 of 3rd period - David Legwand wins face-off versus Sidney Crosby in Senateurs zone.
0:50 of 3rd period - Snap shot by David Legwand.
0:50 of 3rd period - Stopped by Jaroslav Halak with a rebound.
0:52 of 3rd period - Minor Penalty to Phil Kessel for Delaying the game.
0:53 of 3rd period - David Legwand wins face-off versus Sidney Crosby in Senateurs zone.
0:58 of 3rd period - Slapshot by Evander Kane.
0:58 of 3rd period - Shot Misses the Net.
2:52 of 3rd period - Penalty to Phil Kessel is over, Phil Kessel is back on ice.
3:21 of 3rd period - Slapshot by Mike Brown.
3:21 of 3rd period - Shot Misses the Net.
3:39 of 3rd period - R.J. Umberger is hit by Colby Armstrong and loses puck.
4:39 of 3rd period - Ryan Hollweg is hit by Mike Fisher and loses puck.
5:14 of 3rd period - Colby Armstrong is hit by Dustin Byfuglien and loses puck.
6:01 of 3rd period - Jiri Hudler is hit by Cody Franson.
6:11 of 3rd period - Jamie Benn is hit by T.J. Fast and loses puck.
6:39 of 3rd period - Slapshot by Vladimir Tarasenko.
6:39 of 3rd period - Stopped by Jaroslav Halak without a rebound.
6:40 of 3rd period - Mike Fisher wins face-off versus Daniel Briere in Senateurs zone.
6:41 of 3rd period - Snap shot by Adam Pineault.
6:41 of 3rd period - Shot Blocked by Cody Franson.
7:09 of 3rd period - Snap shot by Sidney Crosby.
7:09 of 3rd period - Stopped by Jonathan Quick without a rebound.
7:10 of 3rd period - Sidney Crosby wins face-off versus Tim Connolly in Nordiques zone.
7:17 of 3rd period - Slapshot by Jamie Benn.
7:17 of 3rd period - Stopped by Jonathan Quick with a rebound.
7:23 of 3rd period - Wrist shot by Tim Connolly.
7:23 of 3rd period - Shot Misses the Net.
7:39 of 3rd period - Wrist shot by Evgeni Malkin.
7:39 of 3rd period - Deflect By Colby Armstrong.
7:39 of 3rd period - Stopped by Jonathan Quick with a rebound.
7:59 of 3rd period - Snap shot by Evander Kane.
7:59 of 3rd period - Shot Blocked by Sergei Kostitsyn.
8:01 of 3rd period - Slapshot by Dustin Byfuglien.
8:01 of 3rd period - Stopped by Jaroslav Halak without a rebound.
8:02 of 3rd period - David Legwand wins face-off versus Daniel Briere in Senateurs zone.
8:03 of 3rd period - Snap shot by Vladimir Tarasenko.
8:03 of 3rd period - Shot Misses the Net.
8:11 of 3rd period - Wrist shot by Daniel Briere.
8:11 of 3rd period - Stopped by Jonathan Quick with a rebound.
8:26 of 3rd period - Snap shot by Sergei Kostitsyn.
8:26 of 3rd period - Stopped by Jonathan Quick with a rebound.
8:28 of 3rd period - Snap shot by Radim Vrbata.
8:28 of 3rd period - Stopped by Jonathan Quick with a rebound.
8:30 of 3rd period - Slapshot by Carlo Colaiacovo.
8:30 of 3rd period - Shot Misses the Net.
8:32 of 3rd period - Wrist shot by Nate Prosser.
8:32 of 3rd period - Stopped by Jonathan Quick without a rebound.
8:33 of 3rd period - Sidney Crosby wins face-off versus David Legwand in Nordiques zone.
8:50 of 3rd period - Slapshot by David Legwand.
8:50 of 3rd period - Deflect By Evander Kane.
8:50 of 3rd period - Shot Misses the Net.
8:50 of 3rd period - Puck is out of play.
8:51 of 3rd period - Colby Armstrong wins face-off versus Tim Connolly in Senateurs zone.
8:56 of 3rd period - Duncan Keith is hit by R.J. Umberger and loses puck.
9:30 of 3rd period - Snap shot by Evander Kane.
9:30 of 3rd period - Shot Misses the Net.
9:56 of 3rd period - Minor Penalty to Daniel Briere for Hooking.
9:57 of 3rd period - Sidney Crosby wins face-off versus Vladimir Tarasenko in Senateurs zone.
10:12 of 3rd period - Carlo Colaiacovo is hit by David Legwand and loses puck.
10:23 of 3rd period - Sidney Crosby is hit by R.J. Umberger and loses puck.
10:50 of 3rd period - Snap shot by Ryan Hollweg.
10:50 of 3rd period - Shot Misses the Net.
11:15 of 3rd period - Jamie Benn is hit by R.J. Umberger and loses puck.
11:56 of 3rd period - Penalty to Daniel Briere is over, Daniel Briere is back on ice.
12:12 of 3rd period - Snap shot by Zac Rinaldo.
12:12 of 3rd period - Stopped by Jaroslav Halak without a rebound.
12:13 of 3rd period - Maxim Talbot wins face-off versus Stephane Da Costa in Senateurs zone.
12:28 of 3rd period - Dustin Byfuglien is hit by Stephane Da Costa and loses puck.
13:02 of 3rd period - Vladimir Tarasenko is hit by Arturs Kulda and loses puck.
13:36 of 3rd period - Zac Rinaldo is hit by Mark Giordano.
14:02 of 3rd period - Snap shot by R.J. Umberger.
14:02 of 3rd period - Shot Misses the Net.
14:04 of 3rd period - Slapshot by Tim Connolly.
14:04 of 3rd period - Deflect By R.J. Umberger.
14:04 of 3rd period - Stopped by Jaroslav Halak with a rebound.
14:36 of 3rd period - Snap shot by Michel Ouellet.
14:36 of 3rd period - Shot Misses the Net.
15:26 of 3rd period - Fedor Tyutin is hit by Jamie Benn.
16:02 of 3rd period - Slapshot by Trevor Daley.
16:02 of 3rd period - Stopped by Jaroslav Halak with a rebound.
16:18 of 3rd period - Icing by Fedor Tyutin.
16:19 of 3rd period - Sidney Crosby wins face-off versus David Legwand in Nordiques zone.
16:20 of 3rd period - Snap shot by Phil Kessel.
16:20 of 3rd period - Shot Misses the Net.
16:57 of 3rd period - Off-side.
16:58 of 3rd period - Maxim Talbot wins face-off versus Sidney Crosby in neutral zone.
17:03 of 3rd period - Snap shot by Maxim Talbot.
17:03 of 3rd period - Shot Blocked by Jamie Benn.
17:05 of 3rd period - Slapshot by Maxim Talbot.
17:05 of 3rd period - Shot Blocked by Nate Prosser.
17:07 of 3rd period - Slapshot by Dustin Byfuglien.
17:07 of 3rd period - Shot Misses the Net.
17:09 of 3rd period - Snap shot by Maxim Talbot.
17:09 of 3rd period - Deflect By Jamie Benn.
17:09 of 3rd period - Shot Misses the Net.
17:09 of 3rd period - Puck is out of play.
17:10 of 3rd period - David Legwand wins face-off versus Sidney Crosby in Senateurs zone.
17:11 of 3rd period - Snap shot by Evander Kane.
17:11 of 3rd period - Shot Misses the Net.
17:13 of 3rd period - Slapshot by Jay Bouwmeester.
17:13 of 3rd period - Stopped by Jaroslav Halak without a rebound.
17:14 of 3rd period - Sidney Crosby wins face-off versus David Legwand in Senateurs zone.
17:14 of 3rd period - Sidney Crosby is hit by Jay Bouwmeester.
17:26 of 3rd period - Sidney Crosby is hit by Vladimir Tarasenko and loses puck.
17:31 of 3rd period - Snap shot by Evander Kane.
17:31 of 3rd period - Shot Blocked by Duncan Keith.
17:58 of 3rd period - Snap shot by Tim Connolly.
17:58 of 3rd period - Stopped by Jaroslav Halak without a rebound.
17:59 of 3rd period - Evgeni Malkin wins face-off versus Tim Connolly in Senateurs zone.
18:08 of 3rd period - Snap shot by R.J. Umberger.
18:08 of 3rd period - Stopped by Jaroslav Halak with a rebound.
18:10 of 3rd period - Slapshot by Fedor Tyutin.
18:10 of 3rd period - Stopped by Jaroslav Halak with a rebound.
18:12 of 3rd period - Slapshot by Jiri Hudler.
18:12 of 3rd period - Stopped by Jaroslav Halak without a rebound.
18:13 of 3rd period - Mike Fisher wins face-off versus Daniel Briere in Senateurs zone.
18:23 of 3rd period - Icing by Sergei Kostitsyn.
18:24 of 3rd period - Mike Fisher wins face-off versus Daniel Briere in Senateurs zone.
18:26 of 3rd period - Minor Penalty to Mike Fisher for Cross-checking.
18:27 of 3rd period - Sidney Crosby wins face-off versus Vladimir Tarasenko in Nordiques zone.
18:29 of 3rd period - Slapshot by Jamie Benn.
18:29 of 3rd period - Shot Blocked by Ryan Ellis.
18:31 of 3rd period - Snap shot by Cody Franson.
18:31 of 3rd period - Stopped by Jonathan Quick without a rebound.
18:32 of 3rd period - Sidney Crosby wins face-off versus Vladimir Tarasenko in Nordiques zone.
18:33 of 3rd period - Snap shot by Jamie Benn.
18:33 of 3rd period - Stopped by Jonathan Quick with a rebound.
18:35 of 3rd period - Snap shot by Sidney Crosby.
18:35 of 3rd period - Stopped by Jonathan Quick with a rebound.
18:37 of 3rd period - Wrist shot by Duncan Keith.
18:37 of 3rd period - Deflect By Sidney Crosby.
18:37 of 3rd period - Shot Blocked by Vladimir Tarasenko.
18:37 of 3rd period - Puck is out of play.
18:38 of 3rd period - Vladimir Tarasenko wins face-off versus Sidney Crosby in Nordiques zone.
18:38 of 3rd period - Vladimir Tarasenko is hit by Phil Kessel.
19:48 of 3rd period - Slapshot by Fedor Tyutin.
19:48 of 3rd period - Shot Misses the Net.
Goals for this period are 0 for Nordiques vs 0 for Senateurs.
Shots for this period are 12 for Nordiques vs 10 for Senateurs.

Overtime #1


0:01 of 1st overtime period - Evgeni Malkin wins face-off versus Vladimir Tarasenko in neutral zone.
0:12 of 1st overtime period - Snap shot by Sidney Crosby.
0:12 of 1st overtime period - Stopped by Jonathan Quick without a rebound.
0:13 of 1st overtime period - Vladimir Tarasenko wins face-off versus Sidney Crosby in Nordiques zone.
0:25 of 1st overtime period - Off-side.
0:26 of 1st overtime period - Penalty to Mike Fisher is over, Mike Fisher is back on ice.
0:26 of 1st overtime period - Sidney Crosby wins face-off versus Vladimir Tarasenko in neutral zone.
0:35 of 1st overtime period - Wrist shot by Sidney Crosby.
0:35 of 1st overtime period - Shot Blocked by Jay Bouwmeester.
1:14 of 1st overtime period - Snap shot by Duncan Keith.
1:14 of 1st overtime period - Shot Misses the Net.
1:24 of 1st overtime period - Wrist shot by Daniel Briere.
1:24 of 1st overtime period - Stopped by Jonathan Quick with a rebound.
1:26 of 1st overtime period - Slapshot by Cody Franson.
1:26 of 1st overtime period - Deflect By Phil Kessel.
1:26 of 1st overtime period - Shot Misses the Net.
1:26 of 1st overtime period - Puck is out of play.
1:27 of 1st overtime period - Sidney Crosby wins face-off versus Vladimir Tarasenko in Nordiques zone.
1:52 of 1st overtime period - Snap shot by Daniel Briere.
1:52 of 1st overtime period - Stopped by Jonathan Quick with a rebound.
1:54 of 1st overtime period - Slapshot by Duncan Keith.
1:54 of 1st overtime period - Shot Blocked by Ryan Ellis.
1:56 of 1st overtime period - Wrist shot by Phil Kessel.
1:56 of 1st overtime period - Shot Blocked by Jay Bouwmeester.
2:23 of 1st overtime period - David Legwand is hit by Cody Franson and loses puck.
3:53 of 1st overtime period - Phil Kessel is hit by Mike Brown and loses puck.
4:25 of 1st overtime period - Icing by Dustin Byfuglien.
4:26 of 1st overtime period - Sidney Crosby wins face-off versus David Legwand in Nordiques zone.
4:52 of 1st overtime period - Off-side.
4:53 of 1st overtime period - Vladimir Tarasenko wins face-off versus Phil Kessel in neutral zone.
4:56 of 1st overtime period - Duncan Keith is hit by Evander Kane and loses puck.
Goals for this period are 0 for Nordiques vs 0 for Senateurs.
Shots for this period are 0 for Nordiques vs 3 for Senateurs.

ShootOut


5:00 of 1st overtime period - Round #1.
5:00 of 1st overtime period - Nordiques, Vladimir Tarasenko.
5:00 of 1st overtime period - Snap shot by Vladimir Tarasenko.
5:00 of 1st overtime period - Stopped by Jaroslav Halak.
5:00 of 1st overtime period - Senateurs, Sidney Crosby.
5:00 of 1st overtime period - Wrist shot by Sidney Crosby.
5:00 of 1st overtime period - Stopped by Jonathan Quick.
5:00 of 1st overtime period - Round #2.
5:00 of 1st overtime period - Nordiques, Evander Kane.
5:00 of 1st overtime period - Snap shot by Evander Kane.
5:00 of 1st overtime period - Stopped by Jaroslav Halak.
5:00 of 1st overtime period - Senateurs, Evgeni Malkin.
5:00 of 1st overtime period - Snap shot by Evgeni Malkin.
5:00 of 1st overtime period - Shot Misses the Net.
5:00 of 1st overtime period - Round #3.
5:00 of 1st overtime period - Nordiques, David Legwand.
5:00 of 1st overtime period - Deke by David Legwand.
5:00 of 1st overtime period - Stopped by Jaroslav Halak.
5:00 of 1st overtime period - Senateurs, Phil Kessel.
5:00 of 1st overtime period - Snap shot by Phil Kessel.
5:00 of 1st overtime period - Stopped by Jonathan Quick.
5:00 of 1st overtime period - Round #4.
5:00 of 1st overtime period - Nordiques, Tim Connolly.
5:00 of 1st overtime period - Snap shot by Tim Connolly.
5:00 of 1st overtime period - Shot Misses the Net.
5:00 of 1st overtime period - Senateurs, Daniel Briere.
5:00 of 1st overtime period - Deke by Daniel Briere.
5:00 of 1st overtime period - Shot Misses the Net.
5:00 of 1st overtime period - Round #5.
5:00 of 1st overtime period - Nordiques, R.J. Umberger.
5:00 of 1st overtime period - Wrist shot by R.J. Umberger.
5:00 of 1st overtime period - Goal by R.J. Umberger.
5:00 of 1st overtime period - Senateurs, Jamie Benn.
5:00 of 1st overtime period - Snap shot by Jamie Benn.
5:00 of 1st overtime period - Stopped by Jonathan Quick.